MLB
CHICAGO WHITE SOX @ CLEVELAND INDIANS
08/27/2044
 
TOP OF THE 1ST
Chicago White Sox batting - Pitching for Cleveland Indians : RHP Jon Glenn
Pitching: RHP Jon Glenn
Batting: LHB Antonio Figueroa 0-0: Ball
1-0: Ground out 6-3 (Groundball, 6, EV 81.3 MPH)
Batting: SHB Cesar Herrera 0-0: Ball
1-0: Ball
2-0: Fly out, F6 (Popup, 6M, EV 53.8 MPH)
Batting: LHB Randy Rosenberry 0-0: Foul Ball, location: 2F
0-1: Ball
1-1: Ball
2-1: Ball
3-1: Called Strike
3-2: Base on Balls
Batting: RHB Joseph Disepolo 0-0: Ball
1-0: Ball
Randy Rosenberry steals 2nd base
2-0: Called Strike
2-1: SINGLE (Line Drive, 6D, EV 95.6 MPH)
Randy Rosenberry to third
Runner from 3rd tries for Home, SAFE, throw by LF to home
Batting: LHB Jack Christie 0-0: Ball
Joseph Disepolo steals 2nd base
1-0: Called Strike
1-1: Foul Ball, location: 2F
1-2: Ground out 6-3 (Groundball, 6M, EV 104.4 MPH)
Top of the 1st over - 1 run, 1 hit, 0 errors, 1 left on base; Chicago 1 - Cleveland 0
BOTTOM OF THE 1ST
Cleveland Indians batting - Pitching for Chicago White Sox : RHP Xenophon Valvis
Pitching: RHP Xenophon Valvis
Batting: RHB Paul Word 0-0: Called Strike
0-1: Ball
1-1: Called Strike
1-2: Foul Ball, location: 2F
1-2: Foul Ball, location: 2F
1-2: Strikes out swinging
Batting: RHB Drtian Thaqi 0-0: Ground out 5-3 (Groundball, 5, EV 94.4 MPH)
Batting: SHB Moe Lester 0-0: Ball
1-0: Called Strike
1-1: Fly out, F9 (Line Drive, 9, EV 98.8 MPH)
Bottom of the 1st over - 0 runs, 0 hits, 0 errors, 0 left on base; Chicago 1 - Cleveland 0
TOP OF THE 2ND
Chicago White Sox batting - Pitching for Cleveland Indians : RHP Jon Glenn
Batting: RHB Leo Navarro 0-0: Ground out 5-3 (Groundball, 56, EV 102.5 MPH)
Batting: RHB Steve Castleberry 0-0: Ball
1-0: Ball
2-0: Foul Ball, location: 2F
2-1: Foul Ball, location: 2F
2-2: SINGLE (Groundball, 4MD, EV 101.3 MPH)
Batting: SHB Dan Lash 0-0: Called Strike
0-1: Ball
1-1: Ball
2-1: Foul Ball, location: 2F
2-2: Grounds into double play, 4-6-3 (Groundball, 4, EV 103.1 MPH)
Top of the 2nd over - 0 runs, 1 hit, 0 errors, 0 left on base; Chicago 1 - Cleveland 0
BOTTOM OF THE 2ND
Cleveland Indians batting - Pitching for Chicago White Sox : RHP Xenophon Valvis
Batting: SHB Merrick Geter 0-0: Ball
1-0: Called Strike
1-1: Ball
2-1: Ball
3-1: Swinging Strike
3-2: Foul Ball, location: 2F
3-2: Foul Ball, location: 2F
3-2: Fly out, F8 (Flyball, 8LD, EV 93.1 MPH)
Batting: LHB Arvin Dungca 0-0: Called Strike
0-1: Swinging Strike
0-2: Fly out, F6 (Flyball, 56D, EV 98.1 MPH)
Batting: RHB Ken Howard 0-0: Ground out 6-3 (Groundball, 6, EV 79.4 MPH)
Bottom of the 2nd over - 0 runs, 0 hits, 0 errors, 0 left on base; Chicago 1 - Cleveland 0
TOP OF THE 3RD
Chicago White Sox batting - Pitching for Cleveland Indians : RHP Jon Glenn
Batting: RHB Jason Moss 0-0: Ground out U3 (Groundball, 34, EV 81.9 MPH)
Batting: LHB Antonio Figueroa 0-0: Foul Ball, location: 2F
0-1: Ball
1-1: Ball
2-1: Ball
3-1: Foul Ball, location: 2F
3-2: DOUBLE (Flyball, 78D, EV 110.6 MPH)
Batting: SHB Cesar Herrera 0-0: Called Strike
0-1: Foul Ball, location: 2F
0-2: Ball
1-2: Hit by Pitch
Batting: LHB Randy Rosenberry 0-0: Swinging Strike
0-1: Ball
1-1: Ball
2-1: Ball
3-1: Grounds into double play, 6-4-3 (Groundball, 6, EV 94.4 MPH)
Top of the 3rd over - 0 runs, 1 hit, 0 errors, 1 left on base; Chicago 1 - Cleveland 0
BOTTOM OF THE 3RD
Cleveland Indians batting - Pitching for Chicago White Sox : RHP Xenophon Valvis
Batting: RHB Jesus Galvan 0-0: Ball
1-0: Called Strike
1-1: Ball
2-1: SINGLE (Line Drive, 5D, EV 95.6 MPH)
Batting: RHB Miguel Trevino 0-0: SINGLE (Line Drive, 7S, EV 99.4 MPH)
Jesus Galvan to second
Batting: RHB C.J. Sagle 0-0: Called Strike
0-1: Foul Ball, location: 2F
0-2: Strikes out swinging
Batting: RHB Paul Word 0-0: Called Strike
0-1: Foul Ball, location: 2F
0-2: Foul Ball, location: 2F
0-2: Foul Ball, location: 2F
0-2: Ball
1-2: Ball
2-2: Foul Ball, location: 2F
2-2: Foul Ball, location: 2F
2-2: Strikes out swinging
Batting: RHB Drtian Thaqi 0-0: Ball
1-0: Called Strike
1-1: Ball
2-1: Foul Ball, location: 2F
2-2: Fly out, F9 (Flyball, 9D, EV 97.5 MPH)
Bottom of the 3rd over - 0 runs, 2 hits, 0 errors, 2 left on base; Chicago 1 - Cleveland 0
TOP OF THE 4TH
Chicago White Sox batting - Pitching for Cleveland Indians : RHP Jon Glenn
Batting: RHB Joseph Disepolo 0-0: Called Strike
0-1: Called Strike
0-2: Foul Ball, location: 2F
0-2: Ball
1-2: SINGLE (Groundball, 34D, EV 105.6 MPH)
Batting: LHB Jack Christie 0-0: Grounds into double play, 4-6-3 (Groundball, 4, EV 103.8 MPH)
Batting: RHB Leo Navarro 0-0: Called Strike
0-1: Ball
1-1: Ball
2-1: Ball
3-1: Ground out 5-3 (Groundball, 15, EV 78.1 MPH)
Top of the 4th over - 0 runs, 1 hit, 0 errors, 0 left on base; Chicago 1 - Cleveland 0
BOTTOM OF THE 4TH
Cleveland Indians batting - Pitching for Chicago White Sox : RHP Xenophon Valvis
Batting: SHB Moe Lester 0-0: Swinging Strike
0-1: Ball
1-1: Ball
2-1: Fly out, F6 (Popup, 6, EV 69.4 MPH)
Batting: SHB Merrick Geter 0-0: Ball
1-0: SINGLE (Groundball, 23, EV 66.3 MPH) (infield hit)
Batting: LHB Arvin Dungca 0-0: Ball
1-0: Swinging Strike
1-1: Ball
2-1: Ball
3-1: Grounds into double play, 1-6-3 (Groundball, 13S, EV 65.6 MPH)
Bottom of the 4th over - 0 runs, 1 hit, 0 errors, 0 left on base; Chicago 1 - Cleveland 0
TOP OF THE 5TH
Chicago White Sox batting - Pitching for Cleveland Indians : RHP Jon Glenn
Batting: RHB Steve Castleberry 0-0: Called Strike
0-1: SINGLE (Groundball, 6S, EV 75.6 MPH) (infield hit)
Batting: SHB Dan Lash 0-0: Ball
1-0: Ball
2-0: Ball
3-0: Called Strike
3-1: SINGLE (Groundball, 34D, EV 105.0 MPH)
Steve Castleberry to second
Runner from 2nd tries for 3rd, SAFE, throw by RF made at trailing runner, OUT! 9-6
Batting: RHB Jason Moss 0-0: Foul Ball, location: 2F
0-1: Ground out U3 (Groundball, 34S, EV 84.4 MPH)
Steve Castleberry scores
Batting: LHB Antonio Figueroa 0-0: Called Strike
0-1: Fly out, F5 (Popup, 56S, EV 81.3 MPH)
Top of the 5th over - 1 run, 2 hits, 0 errors, 0 left on base; Chicago 2 - Cleveland 0
BOTTOM OF THE 5TH
Cleveland Indians batting - Pitching for Chicago White Sox : RHP Xenophon Valvis
Batting: RHB Ken Howard 0-0: Foul Ball, location: 2F
0-1: Swinging Strike
0-2: Ball
1-2: Foul Ball, location: 2F
1-2: SOLO HOME RUN (Flyball, 7D, EV 94.4 MPH), Distance : 379 ft
Batting: RHB Jesus Galvan 0-0: Called Strike
0-1: Ground out 6-3 (Groundball, 6MS, EV 90.0 MPH)
Batting: RHB Miguel Trevino 0-0: Called Strike
0-1: Swinging Strike
0-2: Ball
1-2: Ball
2-2: Foul Ball, location: 2F
2-2: Foul Ball, location: 2F
2-2: Ball
3-2: Foul Ball, location: 2F
3-2: SINGLE (Groundball, 5D, EV 96.9 MPH)
Batting: RHB C.J. Sagle 0-0: Called Strike
0-1: Ball
1-1: SINGLE (Flyball, 4D, EV 89.4 MPH)
Miguel Trevino to second
Batting: RHB Paul Word 0-0: Called Strike
0-1: Fly out, F9 (Flyball, 9S, EV 88.1 MPH)
Batting: RHB Drtian Thaqi 0-0: SINGLE (Line Drive, 9S, EV 96.3 MPH)
Miguel Trevino to third
C.J. Sagle to second
Runner from 3rd tries for Home, SAFE, throw by RF to home
Batting: SHB Moe Lester 0-0: Ball
1-0: Ball
2-0: Foul Ball, location: 2F
2-1: Called Strike
2-2: Ball
3-2: Foul Ball, location: 2F
3-2: Foul Ball, location: 2F
3-2: Fly out, F7 (Flyball, 7, EV 78.1 MPH)
Bottom of the 5th over - 2 runs, 4 hits, 0 errors, 2 left on base; Chicago 2 - Cleveland 2
TOP OF THE 6TH
Chicago White Sox batting - Pitching for Cleveland Indians : RHP Jon Glenn
Batting: SHB Cesar Herrera 0-0: Ball
1-0: Fly out, F9 (Flyball, 89D, EV 92.5 MPH)
Batting: LHB Randy Rosenberry 0-0: Foul Ball, location: 2F
0-1: Ball
1-1: Ground out U3 (Groundball, 34, EV 106.9 MPH)
Batting: RHB Joseph Disepolo 0-0: Ball
1-0: Foul Ball, location: 2F
1-1: Foul Ball, location: 2F
1-2: Ground out 4-3 (Groundball, 4, EV 81.3 MPH)
Top of the 6th over - 0 runs, 0 hits, 0 errors, 0 left on base; Chicago 2 - Cleveland 2
BOTTOM OF THE 6TH
Cleveland Indians batting - Pitching for Chicago White Sox : RHP Xenophon Valvis
Batting: SHB Merrick Geter 0-0: Ball
1-0: Ball
2-0: DOUBLE (Groundball, 3L, EV 100.0 MPH)
Batting: LHB Arvin Dungca 0-0: Intentional Walk
Batting: RHB Ken Howard 0-0: Ball
1-0: Called Strike
1-1: Called Strike
1-2: Grounds into double play, 6-4-3 (Groundball, 6, EV 81.3 MPH)
Merrick Geter to third
Batting: RHB Jesus Galvan 0-0: Ball
1-0: Foul Ball, location: 2F
1-1: Swinging Strike
1-2: Ball
2-2: Ball
3-2: Foul Ball, location: 2F
3-2: Strikes out swinging
Bottom of the 6th over - 0 runs, 1 hit, 0 errors, 1 left on base; Chicago 2 - Cleveland 2
TOP OF THE 7TH
Chicago White Sox batting - Pitching for Cleveland Indians : RHP Jon Glenn
Batting: LHB Jack Christie 0-0: Ball
1-0: Called Strike
1-1: Ball
2-1: SINGLE (Line Drive, 78S, EV 93.1 MPH)
Batting: RHB Leo Navarro 0-0: Foul Ball, location: 2F
0-1: Called Strike
0-2: Strikes out swinging
Batting: RHB Steve Castleberry 0-0: Ball
1-0: Called Strike
1-1: Grounds into double play, 4-6-3 (Groundball, 4, EV 90.6 MPH)
Top of the 7th over - 0 runs, 1 hit, 0 errors, 0 left on base; Chicago 2 - Cleveland 2
BOTTOM OF THE 7TH
Cleveland Indians batting - Pitching for Chicago White Sox : RHP Xenophon Valvis
Pitching: RHP Gerbrand van de Bilt
Batting: RHB Miguel Trevino 0-0: Ground out U3 (Groundball, 13, EV 76.9 MPH)
Batting: RHB C.J. Sagle 0-0: Ball
1-0: Ground out 5-3 (Groundball, 5L, EV 83.1 MPH)
Batting: RHB Paul Word 0-0: Ball
1-0: Swinging Strike
1-1: Ball
2-1: Ground out 6-3 (Groundball, 56, EV 103.1 MPH)
Bottom of the 7th over - 0 runs, 0 hits, 0 errors, 0 left on base; Chicago 2 - Cleveland 2
TOP OF THE 8TH
Chicago White Sox batting - Pitching for Cleveland Indians : RHP Jon Glenn
Batting: SHB Dan Lash 0-0: Foul Ball, location: 2F
0-1: Ball
1-1: Called Strike
1-2: Foul Ball, location: 2F
1-2: SINGLE (Line Drive, 78S, EV 102.5 MPH)
Batting: RHB Jason Moss 0-0: Grounds into double play, 4-6-3 (Groundball, 4S, EV 87.5 MPH)
Batting: LHB Antonio Figueroa 0-0: Called Strike
0-1: Foul Ball, location: 2F
0-2: Foul Ball, location: 2F
0-2: Ball
1-2: Ball
2-2: Ball
3-2: Foul Ball, location: 2F
3-2: Foul Ball, location: 2F
3-2: Ground out 5-3 (Groundball, 56, EV 86.9 MPH)
Top of the 8th over - 0 runs, 1 hit, 0 errors, 0 left on base; Chicago 2 - Cleveland 2
BOTTOM OF THE 8TH
Cleveland Indians batting - Pitching for Chicago White Sox : RHP Gerbrand van de Bilt
Batting: RHB Drtian Thaqi 0-0: Called Strike
0-1: Ball
1-1: SINGLE (Line Drive, 6MD, EV 95.0 MPH)
Batting: SHB Moe Lester 0-0: Ball
1-0: Called Strike
1-1: Called Strike
1-2: Foul Ball, location: 2F
1-2: Ball
2-2: Fly out, F7 (Flyball, 7LD, EV 102.5 MPH)
Batting: SHB Merrick Geter 0-0: Ball
1-0: Called Strike
1-1: Fielders Choice at 2nd, 3-6 (Groundball, 3, EV 83.1 MPH)
Batting: LHB Arvin Dungca 0-0: Called Strike
0-1: Ball
1-1: Called Strike
1-2: Ball
2-2: Ball
3-2: Foul Ball, location: 2F
3-2: Foul Ball, location: 2F
3-2: Foul Ball, location: 2F
3-2: Foul Ball, location: 2F
3-2: Fly out, F7 (Flyball, 7, EV 91.3 MPH)
Bottom of the 8th over - 0 runs, 1 hit, 0 errors, 1 left on base; Chicago 2 - Cleveland 2
TOP OF THE 9TH
Chicago White Sox batting - Pitching for Cleveland Indians : RHP Jon Glenn
Pitching: RHP Hector Guerrero
Batting: SHB Cesar Herrera 0-0: Ball
1-0: Ball
2-0: Called Strike
2-1: Ball
3-1: Called Strike
3-2: SINGLE (Groundball, 23, EV 75.6 MPH) (infield hit)
Batting: LHB Randy Rosenberry 0-0: Ball
1-0: Foul Ball, location: 2F
1-1: Foul Ball, location: 2F
1-2: Ball
2-2: Foul Ball, location: 2F
2-2: Ball
3-2: Fielders Choice at 2nd, 5-4 (Groundball, 5, EV 90.6 MPH)
Batting: RHB Joseph Disepolo 0-0: Foul Ball, location: 2F
0-1: Ball
1-1: Foul Ball, location: 2F
1-2: Ball
2-2: SINGLE (Line Drive, 9S, EV 106.9 MPH)
Randy Rosenberry to second
Batting: LHB Jack Christie 0-0: Called Strike
Randy Rosenberry steals 3rd base
Joseph Disepolo to second
0-1: Ground out U3 (Groundball, 3, EV 84.4 MPH)
Batting: RHB Leo Navarro 0-0: Ball
1-0: Swinging Strike
1-1: Swinging Strike
1-2: Strikes out swinging
Top of the 9th over - 0 runs, 2 hits, 0 errors, 2 left on base; Chicago 2 - Cleveland 2
BOTTOM OF THE 9TH
Cleveland Indians batting - Pitching for Chicago White Sox : RHP Gerbrand van de Bilt
Batting: RHB Ken Howard 0-0: Called Strike
0-1: SINGLE (Flyball, 34D, EV 98.1 MPH)
Batting: RHB Jesus Galvan 0-0: Ball
1-0: Foul Ball, location: 2F
1-1: Ball
2-1: Ball
3-1: Ball
Ken Howard to second
Batting: RHB Miguel Trevino 0-0: Ball
1-0: Ball
2-0: SINGLE (Line Drive, 8RS, EV 90.6 MPH)
Ken Howard to third
Jesus Galvan to second
Pinch Hitting: LHB Kyle Schaible 0-0: Fly out, F9 (Flyball, 89XD, EV 105.0 MPH)
Runner from 3rd tags up, SCORES, no throw by RF
Bottom of the 9th over - 1 run, 2 hits, 0 errors, 0 left on base; Chicago 2 - Cleveland 3
Game Over ... Cleveland defeats Chicago, 3 to 2
Thursday, March 31st , 2022 - OOTP Baseball 22.12 Build 89